NWL (28 & UNDER)
LA CROSSE LOGGERS @ BISMARCK BARONS
07/26/2026
 
TOP OF THE 1ST
La Crosse Loggers batting - Pitching for Bismarck Barons : RHP Ron Martin
Pitching: RHP Ron Martin
Batting: RHB Robert Acosta 0-0: Swinging Strike
0-1: Swinging Strike
0-2: Ball
1-2: Strikes out swinging
Batting: RHB Paul Richard 0-0: SINGLE (Line Drive, 6MD)
Batting: LHB George Smith 0-0: Called Strike
0-1: Ball
1-1: Swinging Strike
1-2: Ball
2-2: Foul Ball, location: 2F
2-2: DOUBLE (Flyball, 7LM)
Paul Richard to third
Batting: RHB Danny Campbell 0-0: Ball
1-0: Ball
2-0: Ball
3-0: Called Strike
3-1: Base on Balls
Batting: RHB Francisco Rodríguez 0-0: Ball
1-0: Grounds into double play, 6-4-3 (Groundball, 6)
Top of the 1st over - 0 run(s), 2 hit(s), 0 error(s), 2 left on base; La Crosse 0 - Bismarck 0
BOTTOM OF THE 1ST
Bismarck Barons batting - Pitching for La Crosse Loggers : RHP Jaime Martínez
Pitching: RHP Jaime Martínez
Batting: LHB John Frost 0-0: Called Strike
0-1: Ball
1-1: Foul Ball, location: 2F
1-2: Foul Ball, location: 2F
1-2: Ball
2-2: Foul Ball, location: 2F
2-2: Ball
3-2: Strikes out swinging
Batting: RHB Roberto García 0-0: Called Strike
0-1: Foul Ball, location: 2F
0-2: Ball
1-2: Ball
2-2: Foul Ball, location: 2F
2-2: SINGLE (Groundball, 6MD)
Batting: RHB David Canseco 0-0: Fly out, F7 (Flyball, 7S)
Batting: LHB Edwin Ryan 0-0: Called Strike
0-1: Ball
1-1: Foul Ball, location: 2F
1-2: Ball
2-2: Fly out, F8 (Flyball, 8RS)
Bottom of the 1st over - 0 run(s), 1 hit(s), 0 error(s), 1 left on base; La Crosse 0 - Bismarck 0
TOP OF THE 2ND
La Crosse Loggers batting - Pitching for Bismarck Barons : RHP Ron Martin
Batting: RHB Dick Slagboom 0-0: Foul Ball, location: 2F
0-1: Swinging Strike
0-2: Ball
1-2: Ball
2-2: Ball
3-2: Base on Balls
Batting: RHB Kirk Powell 0-0: Grounds into double play, 6-4-3 (Groundball, 6)
Batting: LHB Brock Miller 0-0: Ball
1-0: Ball
2-0: Ball
3-0: Base on Balls
Batting: RHB Vernon Romo 0-0: Reached on error, E5 (Groundball, 5S)
Brock Miller to second
Batting: RHB Robert Acosta 0-0: Ball
1-0: DOUBLE (Flyball, 7M)
Brock Miller scores
Vernon Romo to third
Batting: RHB Paul Richard 0-0: Foul Ball, location: 2F
0-1: Swinging Strike
0-2: Strikes out swinging
Top of the 2nd over - 1 run(s), 1 hit(s), 1 error(s), 2 left on base; La Crosse 1 - Bismarck 0
BOTTOM OF THE 2ND
Bismarck Barons batting - Pitching for La Crosse Loggers : RHP Jaime Martínez
Batting: RHB Seiji Kouno 0-0: Called Strike
0-1: Swinging Strike
0-2: Ball
1-2: Strikes out swinging
Batting: RHB Esteban Lara 0-0: Ball
1-0: Ball
2-0: Called Strike
2-1: Called Strike
2-2: Strikes out swinging
Batting: RHB Pancho Torres 0-0: Called Strike
0-1: SINGLE (Line Drive, 4MD)
Batting: SHB Jeff Chambers 0-0: Ball
1-0: Ball
Pancho Torres steals 2nd base
2-0: Called Strike
2-1: Ground out 4-3 (Groundball, 4)
Bottom of the 2nd over - 0 run(s), 1 hit(s), 0 error(s), 1 left on base; La Crosse 1 - Bismarck 0
TOP OF THE 3RD
La Crosse Loggers batting - Pitching for Bismarck Barons : RHP Ron Martin
Batting: LHB George Smith 0-0: Called Strike
0-1: Called Strike
0-2: Ball
1-2: Ground out 4-3 (Groundball, 4)
Batting: RHB Danny Campbell 0-0: Foul Ball, location: 2F
0-1: Swinging Strike
0-2: Fly out, F6 (Line Drive, 56D)
Batting: RHB Francisco Rodríguez 0-0: Swinging Strike
0-1: Ball
1-1: Fly out, F8 (Flyball, 8LM)
Top of the 3rd over - 0 run(s), 0 hit(s), 0 error(s), 0 left on base; La Crosse 1 - Bismarck 0
BOTTOM OF THE 3RD
Bismarck Barons batting - Pitching for La Crosse Loggers : RHP Jaime Martínez
Batting: LHB Jorge Fernández 0-0: Fly out, F4 (Popup, 4M)
Batting: LHB John Frost 0-0: Ball
1-0: SINGLE (Line Drive, 78S)
Batting: RHB Roberto García 0-0: Ball
1-0: Ball
2-0: Foul Ball, location: 2F
2-1: Ball
3-1: SINGLE (Groundball, 15) (infield hit)
John Frost to second
Batting: RHB David Canseco 0-0: Ball
1-0: Foul Ball, location: 2F
1-1: TRIPLE (Flyball, 8LD)
John Frost scores
Roberto García scores
Batting: LHB Edwin Ryan 0-0: Ball
1-0: Ball
2-0: Called Strike
2-1: 2-RUN HOME RUN (Flyball, 9D), Distance : 371 ft
Batting: RHB Seiji Kouno 0-0: Called Strike
0-1: Swinging Strike
0-2: Foul Ball, location: 2F
0-2: Ball
1-2: Ball
2-2: Ground out 4-3 (Groundball, 4MS)
Batting: RHB Esteban Lara 0-0: Ball
1-0: SINGLE (Flyball, 9S)
Batting: RHB Pancho Torres 0-0: Ball
1-0: Called Strike
1-1: Ground out 5-3 (Groundball, 5)
Bottom of the 3rd over - 4 run(s), 5 hit(s), 0 error(s), 1 left on base; La Crosse 1 - Bismarck 4
TOP OF THE 4TH
La Crosse Loggers batting - Pitching for Bismarck Barons : RHP Ron Martin
Batting: RHB Dick Slagboom 0-0: Ball
1-0: Ground out 5-3 (Groundball, 6S)
Batting: RHB Kirk Powell 0-0: Swinging Strike
0-1: Called Strike
0-2: Ball
1-2: Strikes out looking
Batting: LHB Brock Miller 0-0: Called Strike
0-1: Ball
1-1: Ball
2-1: Swinging Strike
2-2: Ball
3-2: Strikes out looking
Top of the 4th over - 0 run(s), 0 hit(s), 0 error(s), 0 left on base; La Crosse 1 - Bismarck 4
BOTTOM OF THE 4TH
Bismarck Barons batting - Pitching for La Crosse Loggers : RHP Jaime Martínez
Batting: SHB Jeff Chambers 0-0: Called Strike
0-1: Ball
1-1: Ball
2-1: Ball
3-1: Called Strike
3-2: Ground out 4-3 (Groundball, 4)
Batting: LHB Jorge Fernández 0-0: Ball
1-0: Called Strike
1-1: Swinging Strike
1-2: Foul Ball, location: 2F
1-2: SINGLE (Groundball, 56D)
Batting: LHB John Frost 0-0: Ball
1-0: 2-RUN HOME RUN (Flyball, 8RXD), Distance : 411 ft
Batting: RHB Roberto García 0-0: Ground out 6-3 (Groundball, 56)
Batting: RHB David Canseco 0-0: Ball
1-0: Ball
2-0: Swinging Strike
2-1: Ball
3-1: Called Strike
3-2: Strikes out swinging
Bottom of the 4th over - 2 run(s), 2 hit(s), 0 error(s), 0 left on base; La Crosse 1 - Bismarck 6
TOP OF THE 5TH
La Crosse Loggers batting - Pitching for Bismarck Barons : RHP Ron Martin
Batting: RHB Vernon Romo 0-0: Ball
1-0: Ball
2-0: Ball
3-0: Base on Balls
Batting: RHB Robert Acosta 0-0: Ball
1-0: Fly out, F7 (Line Drive, 8LD)
Batting: RHB Paul Richard 0-0: Foul Ball, location: 2F
0-1: Ball
1-1: Called Strike
1-2: Ground out 5-3 (Groundball, 56S)
Vernon Romo to second
Batting: LHB George Smith 0-0: Ball
1-0: Ball
2-0: Foul Ball, location: 2F
2-1: Ball
3-1: Base on Balls
Batting: RHB Danny Campbell 0-0: Called Strike
0-1: Swinging Strike
0-2: Ball
1-2: Fielders Choice at 2nd, 5-4 (Groundball, 56)
Top of the 5th over - 0 run(s), 0 hit(s), 0 error(s), 1 left on base; La Crosse 1 - Bismarck 6
BOTTOM OF THE 5TH
Bismarck Barons batting - Pitching for La Crosse Loggers : RHP Jaime Martínez
Batting: LHB Edwin Ryan 0-0: Ball
1-0: Ball
2-0: Foul Ball, location: 2F
2-1: Ball
3-1: Base on Balls
Batting: RHB Seiji Kouno 0-0: Called Strike
0-1: Ball
1-1: Ball
2-1: Fly out, F9 (Flyball, 9M)
Batting: RHB Esteban Lara 0-0: Foul Ball, location: 2F
0-1: Ball
1-1: Ball
2-1: SINGLE (Groundball, 6M)
Edwin Ryan to second
Throwing error, E8
Edwin Ryan scores
Esteban Lara to second
Pitching: RHP Tony López
Batting: RHB Pancho Torres 0-0: Foul Ball, location: 2F
0-1: Ball
1-1: Swinging Strike
1-2: Foul Ball, location: 2F
1-2: Foul Ball, location: 2F
1-2: Ball
2-2: Strikes out swinging
Batting: SHB Jeff Chambers 0-0: Swinging Strike
0-1: Ball
1-1: Called Strike
1-2: Strikes out swinging
Bottom of the 5th over - 1 run(s), 1 hit(s), 1 error(s), 1 left on base; La Crosse 1 - Bismarck 7
TOP OF THE 6TH
La Crosse Loggers batting - Pitching for Bismarck Barons : RHP Ron Martin
Batting: RHB Francisco Rodríguez 0-0: Called Strike
0-1: Called Strike
0-2: Ball
1-2: Ball
2-2: Ball
3-2: Fly out, F9 (Line Drive, 9M)
Batting: RHB Dick Slagboom 0-0: Ball
1-0: Swinging Strike
1-1: Foul Ball, location: 2F
1-2: SINGLE (Groundball, 6MD)
Pitching: RHP Sean Bass
Batting: RHB Kirk Powell 0-0: Ball
1-0: Called Strike
1-1: Ball
2-1: Ball
3-1: Base on Balls
Dick Slagboom to second
Batting: LHB Brock Miller 0-0: Called Strike
0-1: Foul Ball, location: 2F
0-2: Fly out, F6 (Popup, 6MD)
Batting: RHB Vernon Romo 0-0: Ball
1-0: Called Strike
1-1: Foul Ball, location: 2F
1-2: Ball
2-2: SINGLE (Line Drive, 7S)
Dick Slagboom to third
Kirk Powell to second
Batting: RHB Robert Acosta 0-0: Ball
1-0: Ball
2-0: Ball
3-0: Base on Balls
Dick Slagboom scores
Kirk Powell to third
Vernon Romo to second
Batting: RHB Paul Richard 0-0: Ball
1-0: Ball
2-0: Fly out, F8 (Line Drive, 8LM)
Top of the 6th over - 1 run(s), 2 hit(s), 0 error(s), 3 left on base; La Crosse 2 - Bismarck 7
BOTTOM OF THE 6TH
Bismarck Barons batting - Pitching for La Crosse Loggers : RHP Tony López
Batting: LHB Jorge Fernández 0-0: Ball
1-0: Foul Ball, location: 2F
1-1: Called Strike
1-2: Foul Ball, location: 2F
1-2: SOLO HOME RUN (Flyball, 8RXD), Distance : 398 ft
Batting: LHB John Frost 0-0: Foul Ball, location: 2F
0-1: Ground out 1-3 (Groundball, 15)
Batting: RHB Roberto García 0-0: Ball
1-0: Foul Ball, location: 2F
1-1: Ball
2-1: Called Strike
2-2: Reached on error, E5 (Groundball, 56)
Batting: RHB David Canseco 0-0: Ball
1-0: Foul Ball, location: 2F
1-1: Ball
2-1: Foul Ball, location: 2F
2-2: Foul Ball, location: 2F
2-2: Foul Ball, location: 2F
2-2: Ball
3-2: Base on Balls
Roberto García to second
Batting: LHB Edwin Ryan 0-0: Ball
1-0: Ball
2-0: Called Strike
2-1: Fly out, F8 (Flyball, 8LXD)
Runner from 2nd tags up, SAFE at 3rd, no throw
Batting: RHB Seiji Kouno 0-0: Ball
1-0: Fly out, F4 (Line Drive, 4M)
Bottom of the 6th over - 1 run(s), 1 hit(s), 1 error(s), 2 left on base; La Crosse 2 - Bismarck 8
TOP OF THE 7TH
La Crosse Loggers batting - Pitching for Bismarck Barons : RHP Sean Bass
Batting: LHB George Smith 0-0: Ball
1-0: Ball
2-0: Swinging Strike
2-1: SINGLE (Line Drive, 89M)
Batting: RHB Danny Campbell 0-0: Ball
1-0: Ball
2-0: Ball
3-0: Called Strike
3-1: DOUBLE (Popup, 4D)
George Smith to third
Batting: RHB Francisco Rodríguez 0-0: Ball
Wild Pitch!
George Smith scores
Danny Campbell to third
1-0: Ball
2-0: Ball
3-0: Base on Balls
Batting: RHB Dick Slagboom 0-0: Ball
1-0: Ball
2-0: Ball
3-0: Called Strike
3-1: Base on Balls
Francisco Rodríguez to second
Batting: RHB Kirk Powell 0-0: Grounds into double play, 6-4-3 (Groundball, 6)
Danny Campbell scores
Francisco Rodríguez to third
Batting: LHB Brock Miller 0-0: Called Strike
0-1: Ball
1-1: Fly out, F5 (Popup, 5DF)
Top of the 7th over - 2 run(s), 2 hit(s), 0 error(s), 1 left on base; La Crosse 4 - Bismarck 8
BOTTOM OF THE 7TH
Bismarck Barons batting - Pitching for La Crosse Loggers : RHP Tony López
Batting: RHB Esteban Lara 0-0: Swinging Strike
0-1: Ball
1-1: Ball
2-1: Ball
3-1: Called Strike
3-2: Foul Ball, location: 2F
3-2: Strikes out swinging
Pitching: RHP Ben Messer
Batting: RHB Pancho Torres 0-0: Ball
1-0: Foul Ball, location: 2F
1-1: Foul Ball, location: 2F
1-2: Foul Ball, location: 2F
1-2: Foul Ball, location: 2F
1-2: Strikes out swinging
Batting: SHB Jeff Chambers 0-0: Called Strike
0-1: Foul Ball, location: 2F
0-2: Ball
1-2: SINGLE (Line Drive, 4MD)
Batting: LHB Jorge Fernández 0-0: SINGLE (Groundball, 3D)
Jeff Chambers to second
Runner from 2nd tries for 3rd, SAFE, no throw or cutoff
Batting: LHB John Frost 0-0: Ball
1-0: Foul Ball, location: 2F
1-1: Ball
2-1: Called Strike
2-2: Ground out 4-3 (Groundball, 4)
Bottom of the 7th over - 0 run(s), 2 hit(s), 0 error(s), 2 left on base; La Crosse 4 - Bismarck 8
TOP OF THE 8TH
La Crosse Loggers batting - Pitching for Bismarck Barons : RHP Sean Bass
Batting: RHB Vernon Romo 0-0: Ball
1-0: SINGLE (Groundball, 56D)
Batting: RHB Robert Acosta 0-0: Ball
1-0: Grounds into double play, 5-4-3 (Groundball, 56)
Batting: RHB Paul Richard 0-0: Ball
1-0: Ball
2-0: Bunt for hit - play at first, batter OUT! 5-3
Top of the 8th over - 0 run(s), 1 hit(s), 0 error(s), 3 left on base; La Crosse 4 - Bismarck 8
BOTTOM OF THE 8TH
Bismarck Barons batting - Pitching for La Crosse Loggers : RHP Ben Messer
Batting: RHB Roberto García 0-0: Swinging Strike
0-1: Foul Ball, location: 2F
0-2: Strikes out looking
Batting: RHB David Canseco 0-0: Called Strike
0-1: SINGLE (Line Drive, 9S)
Batting: LHB Edwin Ryan 0-0: Ball
1-0: Called Strike
1-1: Fly out, F4 (Popup, 3D)
Batting: RHB Seiji Kouno 0-0: Ball
1-0: Called Strike
David Canseco is caught stealing 2nd base
Bottom of the 8th over - 0 run(s), 1 hit(s), 0 error(s), 0 left on base; La Crosse 4 - Bismarck 8
TOP OF THE 9TH
La Crosse Loggers batting - Pitching for Bismarck Barons : RHP Sean Bass
Batting: LHB George Smith 0-0: Ball
1-0: Called Strike
1-1: Ball
2-1: Foul Ball, location: 2F
2-2: Fly out, F9 (Line Drive, 9LD)
Pitching: RHP Gene McNeil
Batting: RHB Danny Campbell 0-0: Ground out 4-3 (Groundball, 4)
Batting: RHB Francisco Rodríguez 0-0: Hit by Pitch
Batting: RHB Dick Slagboom 0-0: Ball
1-0: Foul Ball, location: 2F
1-1: Ball
2-1: Ball
3-1: DOUBLE (Line Drive, 8RM)
Francisco Rodríguez to third
Runner from 3rd tries for Home, SAFE, no throw or cutoff
Pitching: LHP Rob Lucas
Batting: RHB Kirk Powell 0-0: Ball
1-0: Foul Ball, location: 2F
1-1: Ball
2-1: Ground out 1-3 (Groundball, 13)
Top of the 9th over - 1 run(s), 1 hit(s), 0 error(s), 1 left on base; La Crosse 5 - Bismarck 8
Monday, December 5th, 2016 - OOTP Baseball 17.12 Build 75